 Dungeon Crawl Stone Soup version 0.20.1-1-g8b1a95d (webtiles) character file.

477524 equalderp2856 the Hoplite (level 23, 0/221 HPs)
             Began as a Minotaur Fighter on Aug 15, 2017.
             Slain by a tentacled monstrosity (9 damage)
             ... on level 4 of the Vaults on Aug 16, 2017.
             The game lasted 06:21:36 (104441 turns).

equalderp2856 the Hoplite (Minotaur Fighter)      Turns: 104441, Time: 06:21:37

Health: 0/221      AC: 28    Str: 25    XL:     23   Next: 90%
Magic:  27/27      EV:  9    Int:  8    God:
Gold:   2415       SH: 29    Dex: 13    Spells: 17/25 levels left

rFire    . . .     SeeInvis .   Y - +0 broad axe (elec)
rCold    . . .     Gourm    .   U - +2 large shield
rNeg     . . .     Faith    .   h - +3 plate armour {MR+}
rPois    .         Spirit   .   N - +2 hat
rElec    .         Reflect  +   P - +1 cloak
rCorr    .         Harm     .   u - +0 pair of gloves
MR       +++..                  x - +1 pair of boots {Stlth+}
Stlth    ..........             R - +4 amulet of reflection
Regen    0.5/turn               A - ring of protection from magic
MPRegen  0.2/turn               n - +3 ring of evasion

@: constricted, very heavily drained
A: retaliatory headbutt, horns 2
}: 1/15 runes: decaying
a: no special abilities


You were on level 4 of the Vaults.
You were not hungry.

You visited 7 branches of the dungeon, and saw 39 of its levels.
You visited 2 bazaars.
You also visited: Labyrinth, Bailey and Ice Cave.

You collected 5051 gold pieces.
You spent 2636 gold pieces at shops.

Inventory:

Hand Weapons
 e - a +2 war axe of electrocution
 r - a +5 antimagic demon trident
 Y - a +0 broad axe of electrocution (weapon)
Armour
 c - a scarf of cloud immunity
 h - a +3 plate armour of magic resistance (worn)
 q - the +3 robe of Clouds {+Fly rElec}
   (You bought it in a shop in a bazaar)

   It insulates you from electricity.
   It lets you fly.
 u - a +0 pair of gloves (worn)
 x - a +1 pair of boots of stealth (worn)
 I - a +2 shield
 N - a +2 hat (worn)
 O - the +10 ring mail "Duismuy" {Stlth+}
   (You found it on level 12 of the Dungeon)

   It makes you more stealthy.
 P - a +1 cloak (worn)
 U - a +2 large shield (worn)
Jewellery
 a - an uncursed ring of protection from cold
 j - a +3 ring of strength
 l - an uncursed ring of see invisible
 n - a +3 ring of evasion (right hand)
 o - a +3 ring of protection
 p - an uncursed ring of fire
 A - a ring of protection from magic (left hand)
 B - the ring "Wyluuph" {Wiz rC+ Dex+3, unknown}
   (You found it in a bazaar)

   [ring of wizardry]

   It improves your spell success rate.
   It affects your dexterity (+3).
   It protects you from cold.
 D - a +4 amulet of reflection
 E - an uncursed ring of fire
 F - an uncursed ring of flight
 H - a +5 ring of dexterity
 R - a +4 amulet of reflection (around neck)
 T - an uncursed ring of protection from magic
Wands
 b - a wand of paralysis (6/24)
 C - a wand of paralysis (11/24)
 J - a wand of confusion (26/48)
 X - a wand of polymorph (10/24)
Scrolls
 k - 27 scrolls of identify
 m - 2 scrolls of fear
 v - 2 scrolls of enchant weapon
 y - a scroll of magic mapping
 z - 4 scrolls of holy word
 G - 2 scrolls of enchant armour
 M - 2 scrolls of brand weapon
 Q - a scroll of acquirement
 S - a scroll of teleportation
 W - 7 scrolls of fog
 Z - 9 scrolls of remove curse
Potions
 d - 2 potions of might
 g - 6 potions of curing
 s - 8 potions of haste
 t - 4 potions of flight
 L - a potion of brilliance
Comestibles
 f - 8 bread rations
 K - 10 meat rations


   Skills:
 + Level 21.5(16.3) Fighting
 + Level 23.9(18.6) Axes
 + Level 6.6(12.6) Polearms
   Level 1.3(0.0) Crossbows
 + Level 0.2(0.0) Throwing
 + Level 18.7(13.8) Armour
 + Level 8.3(4.4) Dodging
 + Level 5.8(2.1) Stealth
 + Level 26.2(20.5) Shields
 + Level 1.9(0.0) Unarmed Combat
 + Level 1.6(0.0) Spellcasting
 + Level 1.2(0.0) Charms
 + Level 1.1(0.0) Translocations
 + Level 7.9(4.1) Evocations


You had 17 spell levels left.
You knew the following spells:

 Your Spells              Type           Power        Failure   Level  Hunger
a - Corona                Hex            #......      99%         1    ##.....
b - Regeneration          Chrm/Necr      #.........   100%        3    ####...
c - Blink                 Tloc           N/A          100%        2    ###....
d - Slow                  Hex            #.......     100%        2    ###....


Dungeon Overview and Level Annotations

Branches:
Dungeon (15/15)            Temple (0/1) D:4            Lair (6/6) D:9
  Swamp (4/4) Lair:3       Spider (3/4) Lair:3        Slime (0/5) Lair:5
    Orc (2/2) D:12            Elf (0/3) Orc:2        Vaults (5/5) D:14
  Crypt (0/3) Vaults:2     Depths (4/5) D:15

Altars:
Cheibriados
Dithmenos
Gozag
Hepliaklqana
Kikubaaqudgha
Okawaru
Sif Muna
Uskayaw
Vehumet
Yredelemnul
Zin
The Shining One
Beogh
Jiyva

Shops:
D:8 *   D:10 %   D:11 }   D:14 (   Orc:2 *?[(!   Vaults:1 !   Vaults:2 [

Portals:
Hell: Depths:1 Depths:2 Depths:3 Depths:4
Abyss: Depths:3 Depths:4
Pandemonium: Depths:1 Depths:3
Ziggurat: Depths:4
Trove: D:13 (give +2 gold dragon scales)

Annotations:
D:2 1 runed door
Spider:3 Nikola
Depths:2 1 transporter
Depths:3 exclusion: orange crystal statue
Depths:4 Mennas


Innate Abilities, Weirdness & Mutations

You reflexively headbutt those who attack you in melee.
You have a pair of horns on your head.


Message History

Cast which spell? (? or * to list)
Okay, then.
Unknown command.
As you read the scroll of fear, it crumbles to dust.
You assume a fearsome visage.
The tentacled monstrosity is unaffected.
The quicksilver dragon resists with almost no effort.
The frost giant looks frightened!
The shadow dragon looks frightened!
The storm dragon easily resists.
The spriggan looks frightened!
The spriggan changes into a blink frog!
The quicksilver dragon bites you but does no damage.
The quicksilver dragon claws you!
* * * LOW HITPOINT WARNING * * *
The storm dragon bites you.
* * * LOW HITPOINT WARNING * * *
The storm dragon claws you but does no damage.
The storm dragon tramples you but does no damage.
The tentacled monstrosity tentacle-slaps you but does no damage.
You block the tentacled monstrosity's attack. x2
You die...

#......#........# #(....'.......
#......'.((.....# #(....########
#......#).).....# #.....#
#......######'######...[.#
#.....≈≈≈##........#...[.########
#....≈.≈.≈#.......['...[[[.......
#....≈≈∩≈≈#........'.............
####.≈.≈.≈#[...[DX.#.............
###≈≈≈......[@C.#.............
######....[DF.#....^........
#...D.[..##############
####'##'####### ##
#.............# ##.
########.............# ##..
#......#..####.####..# #...
#......[..#.......#..# #...
#......#..#.......#..# #..#


You could see a shadow dragon (fleeing), a tentacled monstrosity, a storm
dragon, a frost giant (fleeing), a quicksilver dragon and a blink frog shaped
shifter (fleeing).

Vanquished Creatures
  the Lernaean hydra (Swamp:3)
  Bai Suzhen (Depths:3)
  A golden dragon (Vaults:5)
  Rupert (Lair:3)
  A lich (D:15)
  2 tentacled monstrosities
  Asterion (Depths:2)
  Frances (D:12)
  4 thorn hunters
  2 sphinxes
  The ghost of bli the Orderly, an adept DsMo of Makhleb (Swamp:4)
  Gastronok (Lair:3)
  Donald (Vaults:2)
  Kirke (Spider:2)
  A ghost moth (Spider:2)
  9 frost giants
  2 deep elf sorcerers
  A balrug (Depths:2)
  3 emperor scorpions
  Louise (Spider:2)
  Aizul (Swamp:2)
  9 fire giants
  14 vault wardens
  A ghoul (Vaults:1)
  An orc warlord (Orc:1)
  21 very ugly things
  A spriggan defender (Depths:4)
  17 stone giants
  8 ironheart preservers
  4 entropy weavers
  A vampire knight (Depths:4)
  Azrael (Spider:2)
  A deep elf annihilator (Vaults:1)
  10 spark wasps
  11 ettins
  A merfolk javelineer (Depths:3)
  6 crystal guardians (Depths:3)
  A blizzard demon (D:15)
  The ghost of Fingolfin the Eclecticist, a journeyman DEIE of Sif Muna (Orc:2)
  A jiangshi (Vaults:2)
  8 great orbs of eyes
  A minotaur (Lab)
  10 fire dragons
  9 yaktaur captains
  Harold (Lair:2)
  23 hydras
  Fannar (Lair:2)
  13 ice dragons
  Erolcha (D:13)
  23 vault guards
  The ghost of ThereIsNoGod the Tainter, a journeyman SpVM of Gozag (Orc:2)
  The ghost of Sagrath01 the Cleaver, a journeyman DsGl of Okawaru (Orc:1)
  2 ghost crabs
  4 rakshasas
  4 spriggan air magi
  3 merfolk avatars (Swamp:1)
  2 catoblepae
  21 centaur warriors
  3 death knights
  10 death yaks
  57 two-headed ogres
  2 dancing weapons (D:14)
  An alligator (shapeshifter) (Depths:1)
  4 orc high priests (Orc:2)
  20 alligators
  13 tengu warriors
  2 vampire magi
  10 deep troll shamans
  19 deep troll earth magi
  15 ogre magi
  A soul eater (Vaults:1)
  2 spriggan berserkers (Depths:3)
  Sonja (Lair:2)
  3 deep elf knights
  5 hell knights (Depths:3)
  3 sun demons
  6 iron trolls
  2 shadow wraiths
  7 skeletal warriors
  4 unseen horrors
  3 spriggan druids (Swamp:3)
  3 glowing orange brains
  36 deep trolls
  3 shambling mangroves
  10 swamp dragons
  7 wizards
  3 flayed ghosts
  5 deep elf archers
  3 phantasmal warriors
  13 ironbrand convokers
  8 orc knights
  2 lindwurms (Lair:6)
  Pikel (D:4)
  A necromancer (Depths:3)
  26 wolf spiders
  12 deep elf magi
  8 harpies
  2 wolf spider zombies (D:15)
  3 orc sorcerers
  15 orb spiders
  57 ugly things
  5 oklob plants (Lair:5)
  4 manticores
  12 black mambas
  12 elephants
  A moth of wrath (shapeshifter) (D:15)
  10 cyclopes
  2 centaur zombies
  3 molten gargoyles (Lair:6)
  10 vault sentinels
  A rust devil (Depths:1)
  6 gargoyles
  2 torpor snails
  5 ice statues (IceCv)
  25 spiny frogs
  An orange demon (Depths:1)
  2 kobold demonologists (D:15)
  A yaktaur (shapeshifter) (D:15)
  8 rime drakes
  4 demonic crawlers
  10 komodo dragons
  55 yaktaurs
  3 tengu conjurers
  4 freezing wraiths
  2 golden dragon simulacra (IceCv)
  9 trolls
  A meliai (D:13)
  A meliai (shapeshifter) (Vaults:4)
  2 red devils (Depths:1)
  25 hornets
  29 blink frogs
  A hornet (shapeshifter) (Depths:3)
  Prince Ribbit (D:7)
  31 jumping spiders
  A blink frog (shapeshifter) (Vaults:2)
  16 bog bodies
  53 slime creatures
  8 tyrant leeches
  A polar bear (shapeshifter) (Vaults:2)
  A minotaur skeleton (Lab)
  18 hippogriffs
  A stone giant simulacrum (Vaults:3)
  A spriggan skeleton (Depths:2)
  14 dream sheep
  3 shadows
  58 redbacks
  15 spriggans
  5 vampires
  4 water elementals (Depths:3)
  A spriggan (shapeshifter) (Vaults:1)
  3 fire elementals
  60 yaks
  2 dire elephant simulacra (IceCv)
  12 basilisks
  4 wraiths
  29 tarantellas
  5 wyverns
  7 air elementals
  A steam dragon (Lair:6)
  6 hungry ghosts
  33 vampire mosquitoes
  An iron troll simulacrum (IceCv)
  Menkaure (D:5)
  9 insubstantial wisps
  4 harpy simulacra (IceCv)
  24 swamp worms
  8 wargs
  Duvessa (D:5)
  7 hell hounds
  5 acid dragons
  17 water moccasins
  15 swamp drakes
  5 porcupines
  A hornet zombie (D:15)
  42 orc warriors
  A black bear (shapeshifter) (Depths:1)
  7 sky beasts
  15 ice beasts
  5 black bears
  An ogre (shapeshifter) (Depths:3)
  2 phantoms (D:11)
  28 wolves
  2 eyes of draining
  64 centaurs
  39 ogres
  15 crocodiles
  24 bullfrogs
  5 big kobolds
  2 wyvern skeletons
  5 scorpions
  Dowan (D:5)
  13 wights
  19 killer bees
  3 howler monkeys
  4 electric eels
  7 crimson imps
  9 lava snakes
  A quasit (D:6)
  A bullfrog zombie (D:12)
  12 hounds
  4 jellies
  40 orc priests
  3 bullfrog skeletons
  5 centaur skeletons
  3 iguanas
  3 iron imps (Depths:1)
  Jessica (D:3)
  Natasha (thrice) (D:4)
  41 orc wizards
  A hell rat (Depths:1)
  8 worker ants
  2 killer bee zombies
  10 gnolls
  2 howler monkey skeletons
  2 worker ant zombies (D:9)
  20 adders
  6 shadow imps
  2 white imps (Depths:1)
  An ufetubus (Depths:1)
  3 oozes
  An adder skeleton (D:6)
  An adder zombie (D:9)
  5 worms
  3 dart slugs
  3 leopard geckos
  112 orcs
  10 bats
  3 giant cockroaches
  20 goblins
  8 hobgoblins
  24 jackals
  25 kobolds
  9 quokkas
  A ball python skeleton (D:4)
  6 frilled lizards
  A giant cockroach zombie (D:5)
  4 leopard gecko skeletons
  2 quokka skeletons
  11 rats
  3 briar patches (Swamp:3)
  15 fungi
  10 plants
2198 creatures vanquished.

Vanquished Creatures (collateral kills)
  Urug (Lair:4)
1 creature vanquished.

Vanquished Creatures (others)
  A yaktaur captain (Vaults:5)
  A rakshasa (Vaults:2)
  A deep elf knight (Vaults:3)
  2 wizards
  A cyclops (Vaults:2)
  A wolf spider (Spider:2)
  8 yaktaurs
  A demonic crawler (Spider:3)
  A redback (Spider:2)
  A human (Spider:2)
  An ice beast (D:4)
  An ogre (Vaults:5)
  An orc wizard (D:10)
  A shadow imp (Depths:1)
  An orc (D:12)
  A frilled lizard (D:4)
  A briar patch (Swamp:3)
  20 fungi
  23 plants
68 creatures vanquished.

Grand Total: 2267 creatures vanquished

Notes
Turn   | Place    | Note
-------+----------+-------------------------------------------
     0 | D:1      | equalderp2856 the Minotaur Fighter began the quest for the Orb.
     0 | D:1      | Reached XP level 1. HP: 19/19 MP: 0/0
   106 | D:1      | Reached XP level 2. HP: 26/27 MP: 1/1
  1067 | D:1      | Reached XP level 3. HP: 31/33 MP: 2/2
  1154 | D:1      | Reached skill level 4 in Shields
  1556 | D:2      | Reached XP level 4. HP: 33/40 MP: 3/3
  2028 | D:2      | Reached skill level 1 in Dodging
  2097 | D:2      | Found a runed door.
  2205 | D:2      | Reached XP level 5. HP: 44/47 MP: 4/4
  2238 | D:3      | Noticed Jessica
  2246 | D:3      | Killed Jessica
  2291 | D:3      | Reached skill level 5 in Shields
  2559 | D:3      | Found an iron altar of Okawaru.
  2731 | D:3      | Reached skill level 5 in Axes
  2731 | D:3      | Reached XP level 6. HP: 53/53 MP: 5/5
  2927 | D:3      | Found an opulent altar of Gozag.
  3230 | D:4      | Noticed Natasha
  3251 | D:4      | Reached skill level 5 in Armour
  3282 | D:4      | Killed Natasha
  3344 | D:4      | Found a staircase to the Ecumenical Temple.
  3525 | D:4      | Reached XP level 7. HP: 54/60 MP: 6/6
  3768 | D:4      | Noticed Natasha
  3771 | D:4      | Killed Natasha
  3805 | D:4      | Noticed Pikel
  3832 | D:4      | Killed Pikel
  3832 | D:4      | Reached skill level 5 in Fighting
  3832 | D:4      | Reached skill level 6 in Shields
  3832 | D:4      | Reached XP level 8. HP: 59/68 MP: 7/7
  3916 | D:4      | Noticed Natasha
  3922 | D:4      | Killed Natasha
  4174 | D:5      | Entered Level 5 of the Dungeon
  4181 | D:5      | Noticed Duvessa
  4182 | D:5      | Noticed Dowan
  4197 | D:5      | Killed Duvessa
  4209 | D:5      | Killed Dowan
  4949 | D:5      | Noticed Menkaure
  4956 | D:5      | Killed Menkaure
  6026 | D:6      | Reached skill level 7 in Shields
  6160 | D:6      | Reached XP level 9. HP: 68/75 MP: 8/8
  6988 | D:7      | Reached skill level 10 in Axes
  7052 | D:7      | Reached skill level 8 in Shields
  7142 | D:7      | Reached skill level 1 in Stealth
  7178 | D:7      | Found a flagged portal.
  7185 | Bailey   | Entered a bailey
  7636 | Bailey   | Noticed an orc knight
  7636 | Bailey   | Noticed an orc knight
  7638 | Bailey   | Noticed an orc knight
  7999 | Bailey   | Reached skill level 1 in Polearms
  8143 | Bailey   | Killed an orc knight
  8145 | Bailey   | Killed an orc knight
  8145 | Bailey   | Reached XP level 10. HP: 83/83 MP: 8/12
  8159 | Bailey   | Killed an orc knight
  8159 | Bailey   | Reached skill level 5 in Evocations
  9129 | D:7      | Noticed Prince Ribbit
  9149 | D:7      | Killed Prince Ribbit
  9924 | D:8      | Reached skill level 9 in Shields
 10324 | D:8      | Found Zetila's Assorted Antiques.
 11431 | D:9      | Found an ancient bone altar of Kikubaaqudgha.
 11431 | D:9      | Found a faded altar of an unknown god.
 11439 | D:9      | Found a hazy altar of Hepliaklqana.
 11441 | D:9      | Found a radiant altar of Vehumet.
 11443 | D:9      | Found a faded altar of an unknown god.
 11498 | D:9      | Found a staircase to the Lair.
 11518 | D:9      | Reached XP level 11. HP: 71/91 MP: 14/14
 12011 | D:9      | Identified the Tome of Protection and the Glacier
 12033 | D:9      | Found a deep blue altar of Sif Muna.
 12614 | D:9      | Reached skill level 10 in Shields
 13355 | Lair:1   | Entered Level 1 of the Lair of Beasts
 14264 | D:10     | Entered Level 10 of the Dungeon
 14318 | D:10     | Noticed a two-headed ogre
 14342 | D:10     | Killed a two-headed ogre
 14466 | D:10     | Found Ratex's Food Shop.
 14877 | D:10     | Reached skill level 11 in Shields
 16380 | Lair:1   | Reached skill level 10 in Armour
 16635 | Lair:1   | Learned a level 1 spell: Corona
 16639 | Lair:1   | Learned a level 3 spell: Regeneration
 16798 | Lair:2   | Reached XP level 12. HP: 75/103 MP: 15/15
 16911 | Lair:2   | Found a labyrinth entrance.
 16919 | Lair:2   | Noticed Harold
 16948 | Lair:2   | Killed Harold
 17014 | Lab      | Entered a labyrinth
 18349 | Lab      | Reached skill level 12 in Shields
 18381 | Lab      | Noticed a minotaur
 18395 | Lab      | Killed a minotaur
 18707 | Lab      | Paralysed by fainting for 6 turns
 20218 | Lair:2   | Noticed Sonja
 20219 | Lair:2   | Noticed Fannar
 20667 | Lair:2   | Killed Fannar
 20727 | Lair:2   | Killed Sonja
 21007 | Lair:3   | Reached skill level 10 in Fighting
 21099 | Lair:3   | Noticed an eight-headed hydra
 21190 | Lair:3   | Killed an eight-headed hydra
 21190 | Lair:3   | Reached XP level 13. HP: 54/113 MP: 16/16
 21452 | Lair:3   | Found a shadowy altar of Dithmenos.
 21559 | Lair:3   | Reached skill level 13 in Shields
 21657 | Lair:3   | Found a hole to the Spider Nest.
 21722 | Lair:3   | Noticed Gastronok
 21995 | Lair:3   | Killed Gastronok
 22164 | Lair:3   | Found a staircase to the Swamp.
 23133 | Lair:4   | Noticed Urug
 23159 | Lair:4   | Killed Urug
 23279 | Lair:4   | Noticed Rupert
 23335 | Lair:3   | Killed Rupert
 23335 | Lair:3   | Reached skill level 15 in Axes
 24217 | Lair:5   | Found a glowing golden altar of the Shining One.
 24276 | Lair:5   | Learned a level 2 spell: Blink
 24279 | Lair:5   | Learned a level 2 spell: Slow
 24722 | Lair:5   | Reached skill level 14 in Shields
 25204 | Lair:6   | Entered Level 6 of the Lair of Beasts
 25511 | Lair:6   | Reached XP level 14. HP: 80/124 MP: 17/17
 26650 | Lair:6   | Found a large runed door.
 26964 | Lair:6   | Found a large runed door.
 27447 | Lair:6   | Reached skill level 15 in Shields
 28601 | D:9      | Paralysed by fainting for 5 turns
 29429 | D:8      | Bought a scroll labeled OLI VUENOWEES BIT for 29 gold pieces
 29429 | D:8      | Bought a scroll labeled PUEZASI FIRANN for 29 gold pieces
 30003 | D:10     | Got a faintly humming ring mail
 30698 | D:10     | Bought a fruit for 21 gold pieces
 30811 | D:11     | Found Dosol's Gadget Shoppe.
 31849 | D:12     | Found a snail-covered altar of Cheibriados.
 31860 | D:12     | Noticed Frances
 31861 | D:12     | Found a staircase to the Orcish Mines.
 31876 | D:12     | Killed Frances
 31986 | D:12     | Found a roughly hewn altar of Beogh.
 32805 | D:12     | Reached XP level 15. HP: 134/134 MP: 18/18
 32987 | Orc:1    | Entered Level 1 of the Orcish Mines
 33004 | Orc:1    | Found a roughly hewn altar of Beogh.
 33076 | Orc:1    | Noticed Sagrath01's ghost (journeyman DsGl)
 33103 | Orc:1    | Killed Sagrath01's ghost
 33145 | Orc:1    | Paralysed by fainting for 8 turns
 33574 | Orc:2    | Entered Level 2 of the Orcish Mines
 33574 | Orc:2    | Found Tidonuaw's Assorted Antiques.
 33602 | Orc:2    | Noticed ThereIsNoGod's ghost (journeyman SpVM)
 33623 | Orc:2    | Killed ThereIsNoGod's ghost
 34100 | Orc:2    | Noticed an orc warlord
 34196 | Orc:1    | Killed an orc warlord
 34997 | Orc:2    | Noticed Fingolfin's ghost (journeyman DEIE)
 35030 | Orc:2    | Killed Fingolfin's ghost
 35100 | Orc:2    | Found Doklix's Magic Scroll Emporium.
 35100 | Orc:2    | Found Comuusu's Distillery.
 35100 | Orc:2    | Found Inofax's Antique Weapon Shoppe.
 35106 | Orc:2    | Found Zauhiq's Antique Armour Emporium.
 35595 | Orc:2    | Found a staircase to the Elven Halls.
 35796 | Orc:2    | Bought a potion of mutation for 80 gold pieces
 36317 | D:12     | Got a slimy ring mail
 36329 | D:12     | Identified the +10 ring mail "Duismuy" {Stlth+} (You found it on level 12 of the Dungeon)
 38501 | Lair:2   | Reached skill level 16 in Shields
 42401 | Lair:1   | Reached skill level 1 in Crossbows
 42401 | Lair:1   | Reached skill level 1 in Spellcasting
 42401 | Lair:1   | Reached skill level 1 in Charms
 42401 | Lair:1   | Reached XP level 16. HP: 145/145 MP: 18/20
 43498 | Lair:5   | Found a staircase to the Slime Pits.
 43946 | Lair:5   | Reached skill level 1 in Translocations
 44303 | Lair:5   | Reached skill level 5 in Dodging
 47645 | D:13     | Identified the Collected Works on Assistive Ice
 47798 | D:13     | Noticed Erolcha
 47807 | D:13     | Killed Erolcha
 48104 | D:14     | Found a gate to the Vaults.
 48222 | D:14     | Paralysed by a hornet for 1 turns
 48275 | D:14     | Reached XP level 17. HP: 150/152 MP: 21/21
 48285 | D:14     | Found a basalt altar of Yredelemnul.
 48483 | D:14     | Found Milaote's Antique Weapon Boutique.
 49121 | D:14     | Reached skill level 1 in Unarmed Combat
 49541 | D:14     | Reached skill level 17 in Shields
 49687 | D:15     | Entered Level 15 of the Dungeon
 50064 | D:15     | Found a staircase to the Depths.
 50835 | D:15     | Paralysed by a hornet for 3 turns
 50915 | D:15     | Found a hide-covered altar of Uskayaw.
 51803 | D:13     | Found a portal to a secret trove of treasure.
 51813 | D:13     | Reached skill level 5 in Stealth
 52772 | D:14     | Reached skill level 15 in Fighting
 53758 | Swamp:1  | Entered Level 1 of the Swamp
 53856 | Swamp:1  | Noticed Aizul
 54282 | Swamp:1  | Reached skill level 18 in Shields
 55169 | Swamp:2  | Killed Aizul
 55512 | Swamp:2  | Reached XP level 18. HP: 163/163 MP: 22/22
 55969 | Swamp:2  | Reached skill level 5 in Polearms
 56073 | Swamp:2  | Reached skill level 15 in Armour
 58256 | Swamp:4  | Entered Level 4 of the Swamp
 58686 | Swamp:4  | Noticed the 27-headed Lernaean hydra
 58912 | Swamp:4  | Noticed bli's ghost (adept DsMo)
 59543 | Swamp:2  | Paralysed by a hornet for 3 turns
 59947 | Swamp:3  | Reached skill level 19 in Shields
 61215 | Swamp:4  | Killed bli's ghost
 62115 | Swamp:4  | Got a decaying rune of Zot
 64304 | Swamp:3  | Killed the 26-headed Lernaean hydra
 64304 | Swamp:3  | Reached XP level 19. HP: 93/174 MP: 23/23
 65567 | Spider:1 | Entered Level 1 of the Spider Nest
 65711 | Spider:1 | Found a frozen archway.
 65738 | IceCv    | Entered an ice cave
 67826 | Spider:1 | Noticed Azrael
 68765 | Spider:2 | Noticed Louise
 69594 | Spider:2 | Killed Louise
 69663 | Spider:2 | Noticed Kirke
 70584 | Spider:2 | Killed Kirke
 70584 | Spider:2 | Reached skill level 20 in Shields
 71289 | Spider:2 | Killed Azrael
 72880 | Spider:3 | Noticed Nikola
 74058 | Depths:1 | Entered Level 1 of the Depths
 74851 | Depths:1 | Reached skill level 21 in Shields
 74887 | Depths:1 | Found a gateway to Hell.
 75628 | D:15     | Reached XP level 20. HP: 180/184 MP: 24/24
 77223 | D:10     | Bought 2 fruits for 42 gold pieces
 79941 | Depths:2 | Found a transporter.
 79990 | Depths:2 | Noticed Asterion
 79998 | Depths:2 | Killed Asterion
 79998 | Depths:2 | Reached skill level 22 in Shields
 81533 | Depths:2 | Found a viscous altar of Jiyva.
 82050 | Depths:1 | Found a one-way gate leading to the halls of Pandemonium.
 82132 | D:15     | Reached XP level 21. HP: 149/195 MP: 25/25
 83525 | Depths:3 | Noticed Bai Suzhen
 83556 | Depths:3 | Killed Bai Suzhen
 84933 | Depths:3 | Found a one-way gate to the infinite horrors of the Abyss.
 86803 | Depths:3 | Reached skill level 23 in Shields
 90577 | Depths:4 | Found a gateway to a ziggurat.
 92078 | Depths:3 | Reached XP level 22. HP: 179/206 MP: 26/26
 92826 | Depths:4 | Reached skill level 24 in Shields
 93770 | Depths:4 | Noticed Mennas
 93991 | Depths:3 | Noticed a juggernaut
 94936 | Vaults:1 | Entered Level 1 of the Vaults
 94986 | Vaults:1 | Found Xomiagaf's Distillery.
 94994 | Vaults:1 | Bought a potion of heal wounds for 80 gold pieces
 94994 | Vaults:1 | Bought 2 potions of curing for 96 gold pieces
 94994 | Vaults:1 | Bought a potion of agility for 64 gold pieces
 96115 | Vaults:1 | Found a glowing silver altar of Zin.
 96831 | Vaults:2 | Found a staircase to the Crypt.
 97243 | Vaults:2 | Noticed Donald
 97256 | Vaults:2 | Killed Donald
 97691 | Vaults:2 | Reached skill level 25 in Shields
 98155 | Vaults:2 | Found Sianwimn's Armour Boutique.
 98778 | Vaults:2 | Reached XP level 23. HP: 210/217 MP: 27/27
 99124 | Vaults:3 | Found a flickering gateway to a bazaar.
 99145 | Bazaar   | Entered a bazaar
 99228 | Bazaar   | Found Dist's Antique Armour Shoppe.
 99239 | Bazaar   | Found Zeul's Antique Armour Emporium.
 99262 | Bazaar   | Found Niesyhit's Antique Weapon Shoppe.
 99271 | Bazaar   | Found Qozin's Antique Weapon Emporium.
 99418 | Bazaar   | Bought a shimmering arbalest for 228 gold pieces
 99428 | Bazaar   | Identified the +6 arbalest of Cosagoph {elec, *Corrode *Slow rPois Int+8} (You bought it in a shop in a bazaar)
 99454 | Bazaar   | Bought a glowing scarf for 160 gold pieces
 99474 | Bazaar   | Bought the +3 robe of Clouds {+Fly rElec} for 826 gold pieces
102100 | Vaults:4 | Found a flickering gateway to a bazaar.
102116 | Bazaar   | Entered a bazaar
102122 | Bazaar   | Found Tyrem's Magic Scroll Emporium.
102122 | Bazaar   | Found Ugraedagh's Jewellery Shoppe.
102124 | Bazaar   | Got a transparent copper ring
102148 | Bazaar   | Bought a scroll of teleportation for 39 gold pieces
102148 | Bazaar   | Bought a scroll of enchant armour for 97 gold pieces
102148 | Bazaar   | Bought a scroll of fog for 26 gold pieces
102148 | Bazaar   | Bought a scroll of teleportation for 39 gold pieces
102148 | Bazaar   | Bought a scroll of identify for 26 gold pieces
102148 | Bazaar   | Bought a scroll of identify for 26 gold pieces
102148 | Bazaar   | Bought a scroll of identify for 26 gold pieces
102148 | Bazaar   | Bought a scroll of identify for 26 gold pieces
102148 | Bazaar   | Bought a scroll of acquirement for 676 gold pieces
103215 | Vaults:5 | Entered Level 5 of the Vaults
103248 | Vaults:4 | Reached skill level 26 in Shields
103722 | Vaults:5 | HP: 9/221 [swamp dragon (glowing shapeshifter) (3)]
104441 | Vaults:4 | HP: 9/221 [storm dragon (6)]
104441 | Vaults:4 | Slain by a tentacled monstrosity

Skill      XL: |  1  2  3  4  5  6  7  8  9 10 11 12 13 14 15 16 17 18 19 20 21 22 23 |
---------------+----------------------------------------------------------------------+-----
Fighting       | 4 5 6 8 10 11 12 13 14 15 16 17 18 19 20 21 | 21.5
Armour         | 4 5 6 7 8 10 11 12 13 14 15 16 17 18 | 18.7
Axes           | 3 4 5 7 9 10 11 13 14 15 16 18 19 20 21 22 23 | 23.9
Shields        | 4 5 6 7 8 9 11 12 14 15 16 18 19 21 22 23 25 26 | 26.2
Dodging        | 1 2 3 4 5 6 7 8 |  8.3
Stealth        | 1 2 3 4 5 |  5.8
Polearms       | 1 2 3 4 6 |  6.6
Evocations     | 4 6 7 |  7.9
Crossbows      | 1 |  1.3
Spellcasting   | 1 |  1.6
Charms         | 1 |  1.2
Translocations | 1 |  1.1
Unarmed Combat | 1 |  1.9
Throwing       | |  0.2

Action                   |  1- 3 |  4- 6 |  7- 9 | 10-12 | 13-15 | 16-18 | 19-21 | 22-24 || total
-------------------------+-------+-------+-------+-------+-------+-------+-------+-------++-------
Melee: War axe           |   105 |   186 |   290 |   454 |   673 |   506 |       |       ||  2214
       Headbutt          |    12 |    29 |    65 |   219 |   291 |   403 |   606 |   337 ||  1962
       Spear             |       |       |    79 |    17 |    26 |   205 |     7 |       ||   334
       Hand axe          |       |       |       |   631 |       |       |       |       ||   631
       Broad axe         |       |       |       |       |   626 |  1058 |  2163 |  1213 ||  5060
       Unarmed           |       |       |       |       |       |    17 |       |       ||    17
Throw: Stone             |       |       |     2 |       |       |       |       |       ||     2
 Cast: Blink             |       |       |       |       |       |     6 |       |       ||     6
 Abil: Evoke Flight      |       |       |     1 |     3 |     1 |    12 |     4 |       ||    21
       Stop Flying       |       |       |       |       |       |       |     2 |       ||     2
Evoke: Wand              |       |       |    12 |    18 |     6 |    73 |    43 |     5 ||   157
       Phial of floods   |       |       |       |       |     1 |       |       |       ||     1
  Use: Scroll            |       |     1 |     6 |    14 |     8 |    10 |     3 |    12 ||    54
       Potion            |       |     1 |     2 |     1 |     4 |    10 |     5 |    11 ||    34
 Stab: Paralysed         |       |       |     6 |     2 |     5 |     2 |     6 |     3 ||    24
       Confused          |       |       |     1 |     4 |       |     5 |     1 |       ||    11
       Sleeping          |       |       |       |       |       |     7 |       |       ||     7
       Distracted        |       |       |       |       |       |     3 |     1 |     1 ||     5
  Eat: Chunk             |     2 |     6 |    13 |    25 |    54 |    49 |    45 |    21 ||   215
       Fruit             |       |       |     1 |     1 |     1 |    11 |     2 |     1 ||    17
       Royal jelly       |       |       |       |     7 |     1 |     2 |       |     1 ||    11
       Bread ration      |       |       |       |     3 |     2 |       |     5 |     3 ||    13
       Meat ration       |       |       |       |       |       |     3 |     4 |     1 ||     8
Armor: Scale mail        |    68 |    91 |    28 |       |       |       |       |       ||   187
       Chain mail        |       |       |    75 |   106 |       |       |       |       ||   181
       Ring mail         |       |       |    20 |       |     3 |   157 |       |       ||   180
       Plate armour      |       |       |       |   522 |   571 |   845 |   847 |   388 ||  3173
       Steam dragon scal |       |       |       |     1 |       |       |       |       ||     1
       Leather armour    |       |       |       |       |     1 |       |       |       ||     1
       Skin              |       |       |       |       |       |     3 |       |       ||     3
       Ice dragon scales |       |       |       |       |       |       |     5 |       ||     5
Dodge: Dodged            |    42 |    55 |   110 |   282 |   277 |   585 |   655 |   373 ||  2379
Block: Shield            |    81 |   101 |   192 |   741 |   675 |   895 |       |       ||  2685
       Large shield      |       |       |       |    59 |   204 |   783 |  2767 |  1480 ||  5293
       Reflection        |       |       |       |       |       |       |       |    81 ||    81
       Other             |       |       |       |       |       |       |       |    23 ||    23
